 Dungeon Crawl Stone Soup version 0.31.0-9-g3a7656b989 (webtiles) character file.

Game seed: 13035817807022648906

1897 qw the Skirmisher (level 8, -5/37 (40) HPs)
             Began as a Spriggan Hunter on Feb 2, 2024.
             Was an Initiate of Okawaru.
             Slain by Jeremiah
             ... wielding a +4 trident of draining
              (11 damage)
             ... on level 7 of the Dungeon.
             The game lasted 00:00:22 (4706 turns).

qw the Skirmisher (Spriggan Hunter)                 Turns: 4706, Time: 00:00:23

HP:   -5/37 (40)    AC:  3    Str:  7    XL:     8   Next: 93%
MP:   9/9           EV: 23    Int: 11    God:    Okawaru [......]
Gold: 267           SH:  0    Dex: 20    Spells: 7/7 levels left

rFire   . . .        a - +0 shortbow
rCold   . . .        (shield currently unavailable)
rNeg    . . .        i - +0 troll leather armour
rPois   .            (helmet restricted)
rElec   .            (no cloak)
rCorr   .            (gloves unavailable)
SInv    +            (boots unavailable)
Will    +....        (no amulet)
Stlth   ++           (no ring)
HPRegen 1.06/turn    (no ring)
MPRegen 0.11/turn

%: no passive effects
@: about to teleport, drained, very quick
A: very small, no large weapons, unfitting armour, see invisible, speed 3
a: Renounce Religion


You were on level 7 of the Dungeon.
You worshipped Okawaru.
Okawaru was noncommittal.
You visited 2 branches of the dungeon, and saw 8 of its levels.

You collected 267 gold pieces.


Innate Abilities, Weirdness & Mutations

You are very small and have problems with some larger weapons.
You are too small for most types of armour.
You have supernaturally acute eyesight. (SInv)
You cover ground extremely quickly. (Speed+++)


   Skills:
 - Level 3.1 Fighting
 + Level 9.8 Ranged Weapons
 - Level 9.1 Dodging
 - Level 1.5 Stealth


You had 7 spell levels left.
You didn't know any spells.
Your spell library was empty.

Inventory:

Hand Weapons
 a - a +0 shortbow (weapon)
Armour
 b - a +1 robe of fire resistance
 i - a +0 troll leather armour (worn)
Jewellery
 k - a ring of fire
Wands
 c - a wand of roots (8)
 e - a wand of polymorph (4)
 j - a wand of flame (21)
Scrolls
 d - a scroll of teleportation
Potions
 f - a potion of curing
 g - a potion of attraction {unknown}
 h - a potion of cancellation

Dungeon Overview and Level Annotations

Branches:
Dungeon (7/15)             Temple (1/1) D:7

Altars:
Ashenzari
Cheibriados
Dithmenos
Elyvilon
Fedhas
Gozag
Hepliaklqana
Kikubaaqudgha
Makhleb
Nemelex Xobeh
Okawaru
Qazlal
Ru
Sif Muna
Trog
Uskayaw
Wu Jian
Xom
The Shining One

Annotations:
D:7 Jeremiah


Message History

The butterfly disappears in a burst of colours!
Jeremiah is nearby!
4683 ||| FLEEEEING.
You start resting.
The butterfly disappears in a burst of colours!
Jeremiah is nearby!
4685 ||| FLEEEEING.
You start resting.
Jeremiah is nearby!
4688 ||| FLEEEEING.
You start resting.
Jeremiah is nearby!
You shoot an arrow.
The arrow hits Jeremiah but does no damage.
Jeremiah is lightly wounded.
Jeremiah hops!
The butterfly disappears in a burst of colours!
Jeremiah hits you from afar with a +4 trident of draining.
You feel drained.
Enter note: You shoot an arrow.
The arrow misses the butterfly.
The arrow hits the butterfly!
You kill the butterfly!
The butterfly disappears in a burst of colours!
Jeremiah shouts, "O dreadful one, destroy my foe!"
Something smites you!
Jeremiah cries, "Fearful master, protect me!"
Something smites you!
You shoot an arrow. The arrow barely misses Jeremiah.
The butterfly disappears in a burst of colours!
Jeremiah completely misses you.
You shoot an arrow. The arrow closely misses Jeremiah.
Jeremiah hits you from afar with a +4 trident of draining.
You feel drained.
4706 ||| READING 2 scrolls of teleportation.
As you read the scroll of teleportation, it crumbles to dust.
You feel strangely unstable.
Jeremiah hits you from afar with a +4 trident of draining!
You die...
Jeremiah asks, "Is it over?
Can I wake up now?"

#...b...... ##
#...Fb>.... ##.
..#.# #.. .##.# #
#######.##.# #
####....#..#bb# #
...b....b.##b#######
#
..........bbFb.....#
#
.........#@bb#####..
#....b..b###
#......###
##.###...##### #
##......####
##.###....#
#..#####.###### ##.#
#......# #.#
######.####


You could see Jeremiah.

Vanquished Creatures
  A troll (D:6)
  Grinder (D:5)
  Sigmund (D:2)
  2 ice beasts
  2 ogres
  A bullfrog (D:5)
  2 scorpions (D:5)
  A howler monkey (D:6)
  2 bombardier beetles
  A gnoll bouda (D:5)
  4 hounds
  3 jellies
  4 orc wizards (D:6)
  Robin (D:2)
  8 gnolls
  11 adders
  A shadow imp (D:5)
  A white imp (D:3)
  4 dart slugs
  3 ribbon worms
  6 orcs
  6 endoplasms
  3 giant cockroaches
  12 goblins
  10 hobgoblins
  2 kobolds
  6 quokkas
  3 ball pythons
  5 bats
  5 frilled lizards
  5 rats
117 creatures vanquished.

Notes
Turn   | Place    | Note
-------+----------+-------------------------------------------
     0 | D:1      | qw the Spriggan Hunter began the quest for the Orb.
     0 | D:1      | Reached XP level 1. HP: 10/10 MP: 2/2
     0 | D:1      | 0 ||| qw: Version: 0.3-a-155-g5e7d8dd
     0 | D:1      | 0 ||| qw: Game counter: 1266
     0 | D:1      | 0 ||| qw: Melee chars always use a shield: true
     0 | D:1      | 0 ||| qw: God list: Okawaru
     0 | D:1      | 0 ||| qw: Allow faded altars: false
     0 | D:1      | 0 ||| qw: Do Orc after clearing Dungeon:15 true
     0 | D:1      | 0 ||| qw: Do second Lair branch before Depths: true
     0 | D:1      | 0 ||| qw: Lair rune preference: random
     0 | D:1      | 0 ||| qw: Goals: Normal
     0 | D:1      | 0 ||| PLANNING D:1-11
    29 | D:1      | Reached skill level 3 in Dodging
    89 | D:1      | Reached XP level 2. HP: 14/14 MP: 3/3
   424 | D:1      | 424 ||| READING 4 scrolls labelled WAROUL TOIMIDE.
   424 | D:1      | 424 ||| IDENTIFYING red potion
   425 | D:1      | 425 ||| READING 3 scrolls of identify.
   425 | D:1      | 425 ||| IDENTIFYING inky potion
   426 | D:1      | 426 ||| READING 2 scrolls of identify.
   426 | D:1      | 426 ||| IDENTIFYING fizzy golden potion
   427 | D:1      | 427 ||| READING scroll of identify.
   427 | D:1      | 427 ||| IDENTIFYING scroll labelled QOL RESOLYOMIL
   428 | D:1      | 428 ||| READING scroll labelled BEMANT VO SILAI.
   428 | D:1      | 428 ||| ENCHANTING +0 shortbow.
   429 | D:1      | 429 ||| READING scroll labelled VAOVIO UVILI.
   430 | D:1      | 430 ||| DROPPING scroll of butterflies.
   431 | D:1      | 431 ||| DROPPING potion of lignification.
   454 | D:2      | Found a faded altar of an unknown god.
   456 | D:2      | 456 ||| STAIRDANCE
   478 | D:2      | Reached XP level 3. HP: 10/18 MP: 4/4
   488 | D:2      | Noticed Sigmund
   489 | D:2      | 489 ||| STAIRDANCE
   511 | D:2      | 511 ||| STAIRDANCE
   513 | D:2      | 513 ||| STAIRDANCE
   515 | D:2      | 515 ||| STAIRDANCE
   522 | D:2      | Killed Sigmund
   523 | D:2      | Reached skill level 6 in Ranged Weapons
   523 | D:2      | Reached XP level 4. HP: 22/22 MP: 5/5
   523 | D:2      | Reached XP level 5. HP: 25/25 MP: 6/6
   586 | D:2      | Noticed Robin
   599 | D:2      | HP: 5/25 [goblin/+0 dagger[Robin] (4)]
   600 | D:2      | 600 ||| READING scroll of teleportation.
   601 | D:2      | 601 ||| DRINKING potion of heal wounds.
   651 | D:2      | Killed Robin
  1104 | D:2      | 1104 ||| UPGRADING to +1 robe of fire resistance.
  1114 | D:2      | 1114 ||| DROPPING +0 robe.
  1115 | D:2      | 1115 ||| READING scroll labelled WUNKOR ZEFONUTT.
  1206 | D:3      | Found a white marble altar of Elyvilon.
  1379 | D:3      | 1379 ||| FLEEEEING.
  1409 | D:3      | Found a shimmering blue altar of Sif Muna.
  1415 | D:3      | Reached XP level 6. HP: 30/30 MP: 7/7
  1425 | D:3      | Found a bloodstained altar of Trog.
  1783 | D:3      | 1783 ||| READING 3 scrolls of identify.
  1783 | D:3      | 1783 ||| IDENTIFYING green potion
  1784 | D:3      | 1784 ||| READING 2 scrolls of identify.
  1784 | D:3      | 1784 ||| IDENTIFYING bubbling pink potion
  1785 | D:3      | 1785 ||| READING scroll of identify.
  1785 | D:3      | 1785 ||| IDENTIFYING bubbling clear potion
  1786 | D:3      | 1786 ||| READING 2 scrolls labelled LUALEL TEORIXT.
  1787 | D:3      | 1787 ||| DROPPING potion of invisibility.
  1788 | D:3      | 1788 ||| DROPPING potion of ambrosia.
  1789 | D:3      | 1789 ||| DROPPING scroll of poison.
  1791 | D:3      | 1791 ||| Stepping ~*~*~tactically~*~*~ (cloud).
  1919 | D:4      | Found a snail-covered altar of Cheibriados.
  2100 | D:4      | Reached skill level 6 in Dodging
  2167 | D:4      | Found a shadowy altar of Dithmenos.
  2404 | D:4      | 2404 ||| READING scroll of identify.
  2404 | D:4      | 2404 ||| IDENTIFYING 2 clear potions
  2405 | D:4      | 2405 ||| READING scroll labelled RYAFYNT HIYG.
  2406 | D:4      | 2406 ||| READING 2 scrolls labelled BAMOUTAXKODI.
  2507 | D:4      | 2507 ||| DROPPING 2 potions of degeneration.
  2508 | D:4      | 2508 ||| DROPPING scroll of vulnerability.
  2540 | D:5      | Entered Level 5 of the Dungeon
  2585 | D:5      | Reached XP level 7. HP: 34/35 MP: 8/8
  2625 | D:5      | Found a blossoming altar of Fedhas.
  2644 | D:5      | HP: 3/35 [ogre/+0 giant club (14)]
  2645 | D:5      | 2645 ||| READING 2 scrolls of teleportation.
  2646 | D:5      | 2646 ||| DRINKING potion of heal wounds.
  2723 | D:5      | Noticed Grinder
  2724 | D:5      | 2724 ||| ZAPPING wand of flame (32) at -1,2 (Grinder;
                  | floor).
  2725 | D:5      | 2725 ||| ZAPPING wand of flame (31) at 0,1 (Grinder;
                  | floor).
  2726 | D:5      | 2726 ||| ZAPPING wand of flame (30) at 0,1 (Grinder;
                  | floor).
  2727 | D:5      | 2727 ||| ZAPPING wand of flame (29) at 0,1 (Grinder;
                  | floor).
  2728 | D:5      | 2728 ||| ZAPPING wand of flame (28) at -1,7 (Grinder;
                  | floor).
  2729 | D:5      | 2729 ||| ZAPPING wand of flame (27) at 0,6 (Grinder;
                  | floor).
  2730 | D:5      | 2730 ||| ZAPPING wand of flame (26) at 0,5 (Grinder;
                  | floor).
  2731 | D:5      | 2731 ||| ZAPPING wand of flame (25) at 0,4 (Grinder;
                  | floor).
  2732 | D:5      | 2732 ||| ZAPPING wand of flame (24) at 0,4 (Grinder;
                  | floor).
  2733 | D:5      | 2733 ||| ZAPPING wand of flame (23) at 0,4 (Grinder;
                  | floor).
  2734 | D:5      | 2734 ||| ZAPPING wand of flame (22) at 0,4 (Grinder;
                  | floor).
  2734 | D:5      | Killed Grinder
  2797 | D:5      | Reached XP level 8. HP: 24/39 MP: 9/9
  3039 | D:5      | Reached skill level 3 in Fighting
  3067 | D:5      | HP: 9/40 [burnt (3)]
  3069 | D:5      | HP: 4/40 [burnt (3)]
  3452 | D:6      | Reached skill level 9 in Ranged Weapons
  3820 | D:6      | Reached skill level 9 in Dodging
  3827 | D:6      | Noticed a troll
  3840 | D:6      | Killed a troll
  4163 | D:6      | Identified the +9 whip of Pojas {spect, rN+ Int+2}
  4460 | D:6      | 4460 ||| UPGRADING to +0 troll leather armour.
  4470 | D:6      | 4470 ||| READING scroll labelled UFUARYFUMI.
  4471 | D:6      | 4471 ||| READING scroll labelled GIUNINAJI.
  4528 | D:7      | Found a staircase to the Ecumenical Temple.
  4529 | D:7      | 4529 ||| PLANNING TEMPLE
  4537 | Temple   | Entered the Ecumenical Temple
  4538 | Temple   | 4538 ||| PLANNING OKAWARU WORSHIP
  4567 | Temple   | Became a worshipper of Warmaster Okawaru
  4568 | Temple   | 4568 ||| PLANNING D:1-11
  4670 | D:7      | Noticed Jeremiah
  4679 | D:7      | 4679 ||| FLEEEEING.
  4680 | D:7      | 4680 ||| FLEEEEING.
  4681 | D:7      | 4681 ||| FLEEEEING.
  4683 | D:7      | 4683 ||| FLEEEEING.
  4685 | D:7      | 4685 ||| FLEEEEING.
  4688 | D:7      | 4688 ||| FLEEEEING.
  4705 | D:7      | HP: 7/39 [Jeremiah/+4 trident of draining (6)]
  4706 | D:7      | 4706 ||| READING 2 scrolls of teleportation.
  4706 | D:7      | Slain by Jeremiah

Levels and vault maps discovered:
D:1:      onia_arrival_pentagram, layout_rooms,
          nicolae_concentric_dashed_squares_wild
D:2:      layout_loops_cross, basic_ecumenical_altar, uniq_robin, uniq_sigmund
D:3:      layout_basic, nzn_overflow_gifts_of_might_and_magic, elyvilon_altar_3,
          kennysheep_generic_room_5
D:4:      layout_rooms, grunt_dithmenos_smoke_and_mirrors,
          cheibrodos_worm_habitat
D:5:      layout_basic, kennysheep_mini, kennysheep_decorative_pillar,
          uniq_grinder
D:6:      layout_basic, chequers_serial_rivers_micro_c, grunt_ministairs_4,
          billiards_dpeg
D:7:      minmay_evil_eye, layout_rooms, minmay_temple_entry_mist, uniq_jeremiah
Temple:   oiseaux_autumnal_temple

Skill      XL: |  1  2  3  4  5  6  7  8 |
---------------+-------------------------+-----
Dodging        | 3 4 5 6 7 9 |  9.1
Ranged Weapons | 6 8 9 |  9.8
Fighting       | 2 3 |  3.1
Stealth        | |  1.5

Action                     |  1- 3 |  4- 6 |  7- 9 || total
---------------------------+-------+-------+-------++-------
   Fire: Shortbow          |    51 |   203 |   225 ||   479
  Evoke: Wand              |       |       |    11 ||    11
    Use: Scroll            |     6 |     9 |     4 ||    19
         Potion            |       |     1 |     1 ||     2
 Armour: Robe              |     9 |    30 |    29 ||    68
         Skin              |     3 |       |       ||     3
         Troll leather arm |       |       |     3 ||     3
  Dodge: Dodged            |    47 |    81 |   141 ||   269

Table legend:
 A = Non-vault XP
 B = Vault XP
 C = Vault XP percentage of total XP
 D = Non-vault monster count
 E = Vault monster count
 F = Vault count percentage of total count
                 A         B        C        D         E       F
            +---------+---------+-------+---------+---------+-------
      Total |    1927 |     783 |  28.9 |      90 |      27 |  23.1
            +---------+---------+-------+---------+---------+-------
        D:1 |      37 |       0 |   0.0 |      15 |       0 |   0.0
        D:2 |      39 |     264 |  87.1 |      16 |      14 |  46.7
        D:3 |      45 |      30 |  40.0 |      10 |       5 |  33.3
        D:4 |     299 |       5 |   1.6 |      19 |       1 |   5.0
        D:5 |     802 |     300 |  27.2 |      16 |       1 |   5.9
        D:6 |     705 |     184 |  20.7 |      14 |       6 |  30.0
            +---------+---------+-------+---------+---------+-------
